 Dungeon Crawl Stone Soup version 0.29.0-4-gdea44cf6ec (webtiles) character file.

Game seed: 10488299038786225660

1195 qw the Cleaver (level 8, -2/48 HPs)
             Began as a Tengu Warper on Aug 28, 2022.
             Was an Initiate of Okawaru.
             Slain by a troll (4 damage)
             ... on level 6 of the Dungeon.
             The game lasted 00:00:37 (7122 turns).

qw the Cleaver (Tengu Warper)                       Turns: 7122, Time: 00:00:37

Health: -2/48      AC: 10    Str: 13    XL:     8   Next: 44%
Magic:  12/12      EV:  7    Int: 14    God:    Okawaru [......]
Gold:   178        SH:  0    Dex: 14    Spells: 11/11 levels left

rFire   . . .      SeeInvis .   Y - +2 hand axe (drain)
rCold   . . .      Faith    .   (no shield)
rNeg    . . .      Spirit   .   b - +0 chain mail
rPois   .          Reflect  .   (helmet restricted)
rElec   .          Harm     .   (no cloak)
rCorr   +          Rampage  .   k - +0 pair of gloves
Will    .....                   (boots unavailable)
Stlth   ..........              (no amulet)
HPRegen 0.16/turn               h - ring of resist corrosion
MPRegen 0.13/turn               (no ring)

@: about to teleport, flying quickly and evasively, quick
A: beak, talons 3, nimble flight
a: Renounce Religion


You were on level 6 of the Dungeon.
You worshipped Okawaru.
Okawaru was noncommittal.
You visited 2 branches of the dungeon, and saw 7 of its levels.

You collected 358 gold pieces.
You spent 180 gold pieces at shops.


Innate Abilities, Weirdness & Mutations

You have a beak for a mouth.
You have claws for feet.
Your magical nature lets you fly swiftly and evasively.


   Skills:
 - Level 4.2 Fighting
 + Level 9.5 Axes
 - Level 1.0 Throwing
 - Level 3.6 Armour
 - Level 2.1 Dodging
 - Level 2.0 Spellcasting
 - Level 2.4 Translocations


You had 11 spell levels left.
You didn't know any spells.
Your spell library contained the following spells:

 Spells                   Type           Power      Damage    Failure   Level
 Blink                    Tloc           16%        N/A       98%         2
 Gell's Gravitas          Tloc           8%         N/A       100%        3
 Lesser Beckoning         Tloc           8%         N/A       100%        3
 Teleport Other           Tloc           8%         N/A       100%        3
 Manifold Assault         Tloc           8%         N/A       100%        5

Inventory:

Hand Weapons
 i - a +0 flail
 Y - a +2 hand axe of draining (weapon)
Missiles
 m - 2 silver boomerangs (quivered)
 s - 4 boomerangs
Armour
 b - a +0 chain mail (worn)
 k - a +0 pair of gloves (worn)
Jewellery
 h - a ring of resist corrosion (left hand)
 p - a ring of protection from cold
 t - a ring of protection from fire
Wands
 a - a wand of digging (2)
Scrolls
 c - 2 scrolls of identify
 o - 3 scrolls of teleportation
Potions
 d - a potion of heal wounds {unknown}
 e - 2 potions of haste
 f - a potion of lignification {unknown}
 g - a potion of might
 j - a potion of attraction {unknown}
 l - a potion of invisibility {unknown}
 n - a potion of mutation {unknown}
 q - a potion of flight {unknown}
 r - a potion of berserk rage {unknown}
 u - a potion of curing {unknown}

Dungeon Overview and Level Annotations

Branches:
Dungeon (6/15)             Temple (1/1) D:5

Altars:
Ashenzari
Cheibriados
Dithmenos
Elyvilon
Fedhas
Hepliaklqana
Kikubaaqudgha
Nemelex Xobeh
Okawaru
Qazlal
Ru
Sif Muna
Trog
Uskayaw
Vehumet
Wu Jian
Xom
Yredelemnul
The Shining One

Shops:
D:4 ?   D:5 =


Message History

Throw: 2 boomerangs (silver)
Press: ? - help, Q - select action, (/) - cycle Shift-Dir - straight line, f - troll You throw a silver boomerang.
The silver boomerang hits the troll.
The troll is lightly wounded.
Throw: 2 boomerangs (silver)
Press: ? - help, Q - select action, (/) - cycle Shift-Dir - straight line, f/p - troll You throw a silver boomerang.
The silver boomerang barely misses the troll.
Throw: 2 boomerangs (silver)
Press: ? - help, Q - select action, (/) - cycle Shift-Dir - straight line, f/p - troll You throw a silver boomerang.
The silver boomerang barely misses the troll.
You closely miss the troll. You claw the troll.
The troll is lightly wounded.
The troll bites you! The troll closely misses you. The troll claws you.
You hit the troll. You drain the troll. Your kick misses the troll.
The troll is moderately wounded.
The troll bites you!
The troll claws you but does no damage. x2
You closely miss the troll. You claw the troll. Your peck misses the troll.
The troll is heavily wounded.
The troll bites you.
The troll claws you but does no damage. x2
You barely miss the troll. Your kick misses the troll. You peck the troll.
The troll is heavily wounded.
You hit the troll. Your kick misses the troll.
The troll is heavily wounded.
The troll bites you but does no damage. The troll claws you but does no damage.
The troll claws you.
7120 ||| READING 4 scrolls of teleportation.
As you read the scroll of teleportation, it crumbles to dust.
You feel strangely unstable. The troll bites you but does no damage.
The troll claws you. The troll closely misses you.
You slash the troll! You drain the troll.
The troll is almost dead.
The troll closely misses you. The troll claws you. The troll barely misses you.
You barely miss the troll. You claw the troll, but do no damage.
Your peck misses the troll.
The troll is severely wounded.
The troll bites you.
You die...

......########### ##..##..##....
......##........# ..............
......##........# #.........#...
......##........# #.............
.......#........####..........###
.......#........##....####.####
.........#..###......###...#
###.####...## ##....##..###
###.#####..#####@T..###.##
........................#
..##.####.............########
...### ##.##..#.......##.....####
...~~# #..#..##....##............
.7..~###.##......................
......##.#####..........#.#....##
._.7...#.# #(...#####.._...#.##
.........# #....# #.#.#..#...


You could see a troll (drained).

Vanquished Creatures
  Grinder (D:6)
  A water moccasin (D:6)
  A black bear (D:5)
  A sky beast (D:6)
  An ogre (D:5)
  A bullfrog (D:6)
  A scorpion (D:5)
  A howler monkey (D:6)
  A crimson imp (D:5)
  2 orc priests
  2 hounds (D:5)
  An iguana (D:5)
  Natasha (thrice) (D:3)
  An orc wizard (D:6)
  9 adders
  A white imp (D:5)
  An ufetubus (D:4)
  A worm (D:2)
  3 dart slugs
  19 orcs
  6 bats
  7 endoplasms
  2 giant cockroaches (D:4)
  9 hobgoblins
  4 jackals
  8 quokkas
  3 ball pythons
  5 frilled lizards
  7 goblins
  2 kobolds
  4 rats
109 creatures vanquished.

Vanquished Creatures (others)
  A quokka (D:6)
  A plant (D:5)
2 creatures vanquished.

Grand Total: 111 creatures vanquished

Notes
Turn   | Place    | Note
-------+----------+-------------------------------------------
     0 | D:1      | qw the Tengu Warper began the quest for the Orb.
     0 | D:1      | Reached XP level 1. HP: 12/12 MP: 4/4
     0 | D:1      | 0 ||| qw: Version: 0.1-a-89-g26bdef1
     0 | D:1      | 0 ||| qw: Game counter: 686
     0 | D:1      | 0 ||| qw: Always use a shield: true
     0 | D:1      | 0 ||| qw: God list: Okawaru
     0 | D:1      | 0 ||| qw: Allow faded altars: false
     0 | D:1      | 0 ||| qw: Do Orc after D:15 true
     0 | D:1      | 0 ||| qw: Do second Lair branch before Depths: true
     0 | D:1      | 0 ||| qw: Lair rune preference: random
     0 | D:1      | 0 ||| qw: Plans: Normal
     0 | D:1      | 0 ||| PLANNING D:1-11
   384 | D:1      | Reached XP level 2. HP: 17/17 MP: 6/6
   416 | D:1      | Reached skill level 3 in Axes
   811 | D:1      | 811 ||| DROPPING +0 club.
   878 | D:1      | 878 ||| DROPPING ring of flight.
   879 | D:1      | 879 ||| UPGRADING to ring of resist corrosion.
   880 | D:1      | 880 ||| DROPPING ring of magical power.
   881 | D:1      | 881 ||| READING scroll labelled QUKIJIN WEUPSI.
   882 | D:1      | 882 ||| READING 3 scrolls labelled GIRAATZ SOPI.
   883 | D:1      | 883 ||| DROPPING scroll of blinking.
   884 | D:1      | 884 ||| DROPPING 2 scrolls of magic mapping.
   908 | D:2      | 908 ||| STAIRDANCE
   917 | D:2      | 917 ||| STAIRDANCE
  1190 | D:2      | Reached XP level 3. HP: 16/21 MP: 7/7
  1191 | D:2      | 1191 ||| FLEEEEING.
  1359 | D:2      | 1359 ||| Stepping ~*~*~tactically~*~*~ (stealth).
  1361 | D:2      | 1361 ||| Stepping ~*~*~tactically~*~*~ (stealth).
  1363 | D:2      | 1363 ||| Stepping ~*~*~tactically~*~*~ (stealth).
  1366 | D:2      | 1366 ||| Stepping ~*~*~tactically~*~*~ (stealth).
  1377 | D:2      | Reached skill level 4 in Axes
  1437 | D:2      | 1437 ||| Stepping ~*~*~tactically~*~*~ (hiding).
  1488 | D:2      | 1488 ||| Stepping ~*~*~tactically~*~*~ (stealth).
  1489 | D:2      | 1489 ||| Stepping ~*~*~tactically~*~*~ (hiding).
  2052 | D:2      | 2052 ||| UPGRADING to +2 robe of fire resistance.
  2062 | D:2      | 2062 ||| DROPPING +0 leather armour.
  2063 | D:2      | 2063 ||| READING 2 scrolls labelled NAYSTE ACKUUSCH.
  2064 | D:2      | 2064 ||| READING scroll labelled ROAPRAIZEU.
  2065 | D:2      | 2065 ||| DRINKING 3 fizzy orange potions.
  2066 | D:2      | 2066 ||| DRINKING 2 fuming black potions.
  2119 | D:3      | Noticed Natasha
  2129 | D:3      | Killed Natasha
  2130 | D:3      | Reached XP level 4. HP: 13/26 MP: 8/8
  2406 | D:3      | 2406 ||| Stepping ~*~*~tactically~*~*~ (stealth).
  2413 | D:3      | Reached skill level 5 in Axes
  2669 | D:3      | Noticed Natasha
  2671 | D:3      | 2671 ||| FLEEEEING.
  2679 | D:3      | Killed Natasha
  2680 | D:3      | Gained mutation: Your magical nature lets you fly swiftly
                  | and evasively. [Tengu growth]
  2680 | D:3      | Reached XP level 5. HP: 22/30 MP: 9/9
  2719 | D:3      | 2719 ||| FLEEEEING.
  2720 | D:3      | 2720 ||| FLEEEEING.
  2721 | D:3      | 2721 ||| STAIRDANCE
  2858 | D:2      | 2858 ||| UPGRADING to +0 ring mail.
  2868 | D:2      | 2868 ||| READING scroll labelled MAXEFETIUM.
  2869 | D:2      | 2869 ||| READING scroll labelled YCYAMUY EGRUFI.
  3140 | D:3      | Reached skill level 6 in Axes
  3219 | D:3      | Noticed Natasha
  3222 | D:3      | Killed Natasha
  3455 | D:3      | 3455 ||| UPGRADING to +0 chain mail.
  3465 | D:3      | 3465 ||| DROPPING +2 robe of fire resistance.
  3466 | D:3      | 3466 ||| DROPPING +0 ring mail.
  3467 | D:3      | 3467 ||| DRINKING 2 sedimented dark potions.
  3568 | D:3      | 3568 ||| READING 2 scrolls of identify.
  3568 | D:3      | 3568 ||| IDENTIFYING fuming brown potion
  3569 | D:3      | 3569 ||| DROPPING potion of degeneration.
  3570 | D:3      | 3570 ||| DROPPING potion of ambrosia.
  3719 | D:4      | Found a sacrificial altar of Ru.
  3731 | D:4      | 3731 ||| READING scroll of brand weapon.
  3731 | D:4      | 3731 ||| BRANDING +0 vorpal hand axe.
  3773 | D:4      | 3773 ||| Stepping ~*~*~tactically~*~*~ (stealth).
  3790 | D:4      | 3790 ||| Stepping ~*~*~tactically~*~*~ (stealth).
  3977 | D:4      | 3977 ||| Stepping ~*~*~tactically~*~*~ (stealth).
  3983 | D:4      | Reached XP level 6. HP: 35/35 MP: 10/10
  4246 | D:4      | Found Pizokh Xaegg's Magic Scroll Boutique.
  4249 | D:4      | 4249 ||| BUYING scroll of enchant weapon (90 gold).
  4249 | D:4      | Bought a scroll of enchant weapon for 90 gold pieces
  4249 | D:4      | 4249 ||| BUYING scroll of enchant weapon (90 gold).
  4249 | D:4      | Bought a scroll of enchant weapon for 90 gold pieces
  4249 | D:4      | 4249 ||| SHOPLISTING scroll of enchant weapon (90 gold,
                  | have 22).
  4249 | D:4      | 4249 ||| SHOPLISTING scroll of identify (24 gold, have 22).
  4249 | D:4      | 4249 ||| READING 2 scrolls of enchant weapon.
  4249 | D:4      | 4249 ||| ENCHANTING +0 hand axe of draining.
  4250 | D:4      | 4250 ||| READING scroll of enchant weapon.
  4250 | D:4      | 4250 ||| ENCHANTING +1 hand axe of draining.
  4347 | D:4      | 4347 ||| Stepping ~*~*~tactically~*~*~ (stealth).
  4349 | D:4      | 4349 ||| Stepping ~*~*~tactically~*~*~ (hiding).
  4543 | D:4      | 4543 ||| READING scroll labelled XEUVE SAMUREO.
  4547 | D:4      | 4547 ||| READING scroll labelled JELELE JOOTT.
  4548 | D:4      | 4548 ||| Stepping randomly (stuck).
  4549 | D:4      | 4549 ||| Stepping ~*~*~tactically~*~*~ (cloud).
  4558 | D:4      | HP: 8/35 [poisoned by you (poison gas)]
  4827 | D:5      | Entered Level 5 of the Dungeon
  4840 | D:5      | Reached skill level 7 in Axes
  4877 | D:5      | 4877 ||| DROPPING +0 whip.
  5029 | D:5      | Found a radiant altar of Vehumet.
  5068 | D:5      | Found a glowing golden altar of the Shining One.
  5077 | D:5      | Reached skill level 3 in Fighting
  5128 | D:5      | Found Umesharph's Jewellery Boutique.
  5136 | D:5      | 5136 ||| SHOPLISTING +6 ring of dexterity (468 gold, have
                  | 46).
  5136 | D:5      | 5136 ||| SHOPLISTING amulet of guardian spirit (390 gold,
                  | have 46).
  5136 | D:5      | 5136 ||| SHOPLISTING ring "Pieneob" {Drain +Blink Fly rN+}
                  | (391 gold, have 46).
  5136 | D:5      | 5136 ||| SHOPLISTING ring "Zalue" {Will+ MP+9 AC+4 Str+5
                  | Dex-3} (932 gold, have 46).
  5136 | D:5      | 5136 ||| SHOPLISTING ring of see invisible (195 gold, have
                  | 46).
  5185 | D:5      | Noticed a black bear
  5195 | D:5      | Killed a black bear
  5196 | D:5      | Reached XP level 7. HP: 27/41 MP: 11/11
  5330 | D:5      | Found a staircase to the Ecumenical Temple.
  5331 | D:5      | 5331 ||| PLANNING TEMPLE
  5331 | D:5      | 5331 ||| UPGRADING to +0 pair of gloves.
  5344 | Temple   | Entered the Ecumenical Temple
  5436 | Temple   | 5436 ||| PLANNING D:1-11
  5559 | D:5      | Found an ancient bone altar of Kikubaaqudgha.
  5562 | D:5      | Found a blossoming altar of Fedhas.
  5628 | D:5      | 5628 ||| Stepping ~*~*~tactically~*~*~ (stealth).
  5685 | D:5      | 5685 ||| Stepping ~*~*~tactically~*~*~ (stealth).
  5714 | D:5      | Reached skill level 8 in Axes
  5723 | D:5      | 5723 ||| Stepping ~*~*~tactically~*~*~ (hiding).
  6052 | D:5      | 6052 ||| READING scroll labelled FIPEUWARUWK.
  6082 | D:6      | Noticed Grinder
  6088 | D:6      | Paralysed by Grinder for 5 turns
  6089 | D:6      | Reached skill level 3 in Armour
  6096 | D:6      | 6096 ||| FLEEEEING.
  6097 | D:6      | 6097 ||| STAIRDANCE
  6146 | D:5      | 6146 ||| FLEEEEING.
  6235 | D:6      | Killed Grinder
  6236 | D:6      | Reached skill level 9 in Axes
  6236 | D:6      | Reached XP level 8. HP: 25/46 MP: 12/12
  6587 | D:6      | Found an iron altar of Okawaru.
  6595 | D:6      | Became a worshipper of Warmaster Okawaru
  6776 | D:6      | Noticed a troll
  6785 | D:6      | HP: 12/48 [troll (3)]
  6786 | D:6      | 6786 ||| READING 5 scrolls of teleportation.
  6788 | D:6      | HP: 2/48 [troll (5)]
  6789 | D:6      | Found a white marble altar of Elyvilon.
  7119 | D:6      | HP: 9/48 [troll (4)]
  7120 | D:6      | 7120 ||| READING 4 scrolls of teleportation.
  7120 | D:6      | HP: 4/48 [troll (5)]
  7122 | D:6      | Slain by a troll

Levels and vault maps discovered:
D:1:      giann_forest_graveyard, layout_basic,
          nicolae_concentric_dashed_squares_mild
D:2:      layout_rooms, minmay_divided_ellipse
D:3:      layout_loops_corners, uniq_natasha
D:4:      layout_basic, nicolae_ru_awakened_eye, serial_shops,
          kennysheep_mini_moat, corexii_hall_statues_deadend,
          nicolae_figureground_sparkle
D:5:      layout_gridville, grunt_temple_overflow_growth_and_decay, temple_hall,
          serial_shops, shop, hangedman_feature_mirror, minmay_fire_ice_demons
D:6:      layout_rooms, elyvilon_altar_4, okawaru_metal_pillars_1_2,
          corner_web_ring, mrwooster_statue_mirror, palyth_stone_intersect,
          uniq_grinder
Temple:   compressed_dpeg_circular_temple

Skill      XL: |  1  2  3  4  5  6  7  8 |
---------------+-------------------------+-----
Axes           | 3 4 5 6 7 9 |  9.5
Armour         | 2 3 |  3.6
Fighting       | 3 4 |  4.2
Throwing       | |  1.0
Dodging        | |  2.1
Spellcasting   | |  2.0
Translocations | |  2.4

Action                   |  1- 3 |  4- 6 |  7- 9 || total
-------------------------+-------+-------+-------++-------
Melee: Hand axe          |    80 |   146 |    78 ||   304
       Kick              |    18 |    28 |    23 ||    69
       Peck              |     8 |    20 |    10 ||    38
       Punch             |     1 |     2 |       ||     3
Throw: Boomerang         |    39 |    13 |    13 ||    65
  Use: Scroll            |     4 |     8 |     3 ||    15
       Potion            |     2 |     1 |       ||     3
Armor: Leather armour    |    27 |       |       ||    27
       Robe              |     4 |     6 |       ||    10
       Chain mail        |       |    40 |    37 ||    77
       Ring mail         |       |     2 |       ||     2
Dodge: Dodged            |    38 |    83 |    24 ||   145

Table legend:
 A = Non-vault XP
 B = Vault XP
 C = Vault XP percentage of total XP
 D = Non-vault monster count
 E = Vault monster count
 F = Vault count percentage of total count
                 A         B        C        D         E       F
            +---------+---------+-------+---------+---------+-------
      Total |    1286 |     422 |  24.7 |      90 |      19 |  17.4
            +---------+---------+-------+---------+---------+-------
        D:1 |      21 |       0 |   0.0 |      11 |       0 |   0.0
        D:2 |      22 |      25 |  53.2 |      12 |      13 |  52.0
        D:3 |     171 |      35 |  17.0 |      27 |       1 |   3.6
        D:4 |     116 |       0 |   0.0 |      16 |       0 |   0.0
        D:5 |     503 |     104 |  17.1 |      16 |       4 |  20.0
        D:6 |     453 |     258 |  36.3 |       8 |       1 |  11.1
            +---------+---------+-------+---------+---------+-------
